 Dungeon Crawl Stone Soup version 0.30-a0-223-gcb0039aa0c (webtiles) character file.

Game seed: 9052068091491928891

66 qw the Chopper (level 4, -3/28 HPs)
             Began as a Gargoyle Fighter on Oct 9, 2022.
             Slain by a gnoll
             ... wielding a +0 spear
              (7 damage)
             ... on level 2 of the Dungeon.
             The game lasted 00:00:30 (1421 turns).

qw the Chopper (Gargoyle Fighter)                   Turns: 1421, Time: 00:00:31

Health: -3/28      AC: 10    Str: 22    XL:     4   Next: 15%
Magic:  4/4        EV:  9    Int:  8    God:
Gold:   105        SH:  4    Dex:  9    Spells: 3/3 levels left

rFire   . . .      SeeInvis .    Y - +0 war axe
rCold   . . .      Faith    .    c - +0 buckler
rNeg    + . .      Spirit   .    b - +0 scale mail
rPois   inf        Reflect  .    (no helmet)
rElec   +          Harm     .    (no cloak)
rCorr   .          Rampage  .    (no gloves)
Will    .....                    (no boots)
Stlth   ..........               (no amulet)
HPRegen 0.24/turn                (no ring)
MPRegen 0.09/turn                (no ring)

@: no status effects
A: sickness immunity, AC +3, negative energy resistance 1, electricity
resistance, torment resistance 1, petrification resistance
a: no special abilities


You were on level 2 of the Dungeon.
You visited 1 branch of the dungeon, and saw 2 of its levels.

You collected 105 gold pieces.


Innate Abilities, Weirdness & Mutations

You are immune to sickness and miasma.
Your stone body is resilient. (AC +3)
You are immune to poison.
You resist negative energy. (rN+)
You are resistant to electric shocks. (rElec)
You are resistant to unholy torment.
You are immune to petrification.


   Skills:
 - Level 3.2 Fighting
 + Level 3.9 Axes
 - Level 3.2 Armour
 - Level 3.2 Shields


You had 3 spell levels left.
You didn't know any spells.
Your spell library was empty.

Inventory:

Hand Weapons
 h - a +0 flail
 Y - a +0 war axe (weapon)
Armour
 b - a +0 scale mail (worn)
 c - a +0 buckler (worn)
Potions
 a - a potion of attraction {unknown}
 d - 2 potions of might
 f - a potion of resistance {unknown}

Dungeon Overview and Level Annotations

Branches:
Dungeon (2/15)

Altars:

Annotations:
D:2 1 runed translucent door, Crazy Yiuf


Message History

A gnoll comes into view. It is wielding a +0 spear.
The gnoll closely misses you.
The gnoll shouts!
You hit the gnoll.
The gnoll is almost dead.
The gnoll hits you with a +0 flail.
You hit the gnoll but do no damage.
The gnoll is almost dead.
You hit the gnoll. The gnoll hits you with a +0 flail.
The gnoll barely misses you.
You slash the gnoll!
You kill the gnoll!
You hit the gnoll. The gnoll hits you but does no damage.
The gnoll barely misses you.
You closely miss the gnoll.
The gnoll is severely wounded.
The gnoll hits you from afar with a +0 spear.
The gnoll hits you but does no damage.
You hit the gnoll but do no damage.
The gnoll is severely wounded.
The gnoll hits you from afar with a +0 spear.
The gnoll hits you with a +0 club.
You slash the gnoll!
You kill the gnoll!
The gnoll hits you but does no damage.
The gnoll hits you from afar with a +0 spear.
You have reached level 4!
You feel stronger. The gnoll closely misses you.
Things that are here:
a +0 flail; a gnoll corpse You hit the gnoll.
The gnoll is lightly wounded.
You block the gnoll's attack.
You hit the gnoll but do no damage.
The gnoll is lightly wounded.
The gnoll hits you with a +0 spear.
You hit the gnoll but do no damage.
The gnoll is lightly wounded.
The gnoll hits you with a +0 spear!
You die...

.....# ####.# ..... #.#
...# #.# ...####### #.#
.)......# #.# .........
#%# #.......#
####.###########g......#
...............)@.......
........########.#..###.
........##### #...####.
............# ##........
........###.###.........
#####.#.........).......
####...)...............
#>...#.###.............
#.##.#)###.............


You could see a gnoll.

Vanquished Creatures
  2 gnolls (D:2)
  An adder (D:2)
  A dart slug (D:1)
  3 endoplasms (D:2)
  4 giant cockroaches
  2 hobgoblins (D:1)
  3 kobolds
  A quokka (D:1)
  3 ball pythons
  5 bats
  2 frilled lizards (D:2)
  4 goblins
  2 rats (D:1)
33 creatures vanquished.

Notes
Turn   | Place    | Note
-------+----------+-------------------------------------------
     0 | D:1      | qw the Gargoyle Fighter began the quest for the Orb.
     0 | D:1      | Reached XP level 1. HP: 14/14 MP: 1/1
     0 | D:1      | 0 ||| qw: Version: 0.2-a-17-g06abaee
     0 | D:1      | 0 ||| qw: Game counter: 2225
     0 | D:1      | 0 ||| qw: Always use a shield: true
     0 | D:1      | 0 ||| qw: God list: Okawaru
     0 | D:1      | 0 ||| qw: Allow faded altars: false
     0 | D:1      | 0 ||| qw: Do Orc after D:15 true
     0 | D:1      | 0 ||| qw: Do second Lair branch before Depths: true
     0 | D:1      | 0 ||| qw: Lair rune preference: random
     0 | D:1      | 0 ||| qw: Plans: Normal, Zot:1-4, God:TSO, Crypt, Tomb,
                  | Pan, Slime:5, Hells, Abyss, Orb
     0 | D:1      | 0 ||| PLANNING D:1-11
    85 | D:1      | Found a faded altar of an unknown god.
   140 | D:1      | 140 ||| DROPPING +0 club.
   147 | D:1      | 147 ||| Stepping ~*~*~tactically~*~*~ (stealth).
   181 | D:1      | Reached XP level 2. HP: 19/19 MP: 2/2
   508 | D:1      | 508 ||| DROPPING +0 mace.
   850 | D:1      | 850 ||| READING scroll labelled CATOEN LIRUEPP.
   851 | D:1      | 851 ||| DRINKING 2 grey potions.
   956 | D:1      | 956 ||| DROPPING potion of berserk rage.
  1002 | D:2      | Reached skill level 3 in Axes
  1055 | D:2      | Reached XP level 3. HP: 21/23 MP: 3/3
  1124 | D:2      | 1124 ||| Stepping ~*~*~tactically~*~*~ (stealth).
  1359 | D:2      | Found a runed translucent door.
  1360 | D:2      | Noticed Crazy Yiuf
  1417 | D:2      | HP: 4/23 [gnoll/+0 spear (2)]
  1418 | D:2      | Reached XP level 4. HP: 5/28 MP: 4/4
  1421 | D:2      | Slain by a gnoll

Levels and vault maps discovered:
D:1:      ncdulo_lavacross, layout_basic, ebering_ecumenical_altar_ruins,
          hangedman_feature_mirror
D:2:      layout_basic, serial_shops, nicolae_shop_statue_plus,
          uniq_crazy_yiuf_cottage

Skill      XL: |  1  2 |
---------------+-------+-----
Axes           | 2 3 |  3.9
Fighting       | |  3.2
Armour         | |  3.2
Shields        | |  3.2

Action                   |  1- 3 |  4- 6 || total
-------------------------+-------+-------++-------
Melee: War axe           |   108 |     3 ||   111
  Use: Scroll            |     1 |       ||     1
       Potion            |     1 |       ||     1
Armor: Scale mail        |    54 |       ||    54
Dodge: Dodged            |    59 |     1 ||    60
Block: Buckler           |    10 |     1 ||    11

Table legend:
 A = Non-vault XP
 B = Vault XP
 C = Vault XP percentage of total XP
 D = Non-vault monster count
 E = Vault monster count
 F = Vault count percentage of total count
                 A         B        C        D         E       F
            +---------+---------+-------+---------+---------+-------
      Total |      86 |       9 |   9.5 |      27 |       6 |  18.2
            +---------+---------+-------+---------+---------+-------
        D:1 |      20 |       9 |  31.0 |      10 |       6 |  37.5
        D:2 |      66 |       0 |   0.0 |      17 |       0 |   0.0
            +---------+---------+-------+---------+---------+-------
